 Dungeon Crawl Stone Soup version 0.17-a0-1430-g49fde19 (webtiles) character file.

40 abixa the Chucker (level 3, -3/40 HPs)
             Began as an Ogre Hunter on June 25, 2015.
             Killed by divine providence
             ... invoked by an orc priest
              (15 damage)
             ... on level 3 of the Dungeon.
             The game lasted 00:06:10 (1506 turns).

abixa the Chucker (Ogre Hunter)                     Turns: 1506, Time: 00:06:10

Health: -3/40      AC:  8    Str: 17    XL:     3   Next: 50%
Magic:  3/3        EV: 10    Int: 11    God:
Gold:   58         SH:  0    Dex: 10    Spells: 0 memorised, 2 levels left

rFire  . . .     SeeInvis .     c - +0 dagger (protect)
rCold  . . .     Clarity  .     d - +0 robe
rNeg   . . .     SustAt   .     (no shield)
rPois  .         Gourm    .     (helmet restricted)
rElec  .         Spirit   .     (no cloak)
rCorr  .         Warding  .     (gloves unavailable)
rMut   .         Stasis   .     (boots unavailable)
MR     .....                    (no amulet)
Stlth  +.........               (no ring)
                                (no ring)

@: not resistant to hostile enchantments, very unstealthy
A: unfitting armour, tough skin 1
a: no special abilities


You were on level 3 of the Dungeon.
You were not hungry.

You visited 1 branch of the dungeon, and saw 4 of its levels.

You collected 58 gold pieces.

Inventory:

Hand weapons
 c - a +0 dagger of protection (weapon)
Missiles
 a - 5 large rocks
 b - 2 throwing nets
 g - 41 stones (quivered)
 j - 38 poisoned needles
Armour
 d - a +0 robe (worn)
Magical devices
 n - a wand of confusion (31)
Scrolls
 f - 8 scrolls of identify {unknown}
 l - a scroll of noise {unknown}
Potions
 h - 2 potions of lignification {unknown}
 i - 2 potions of might {unknown}
 k - 3 potions of degeneration {unknown}
 m - a potion of mutation {unknown}
Comestibles
 e - 3 bread rations


   Skills:
 + Level 4.5 Fighting
 + Level 4.7 Throwing
 - Level 1.7 Dodging
 - Level 0.7 Stealth


You had 2 spell levels left.
You didn't know any spells.

Dungeon Overview and Level Annotations

Branches:
Dungeon (4/15)
 Temple: D:4-7

Altars:
Trog
Lugonu

Portals:
Abyss: D:1

Annotations:
D:4 Menkaure


Innate Abilities, Weirdness & Mutations

You are too large for most types of armour.
You have tough skin (AC +1).


Message History

Aim: an orc priest, wielding a hand axe (moderately wounded)
You throw a stone. The stone hits the orc priest.
The orc priest is severely wounded.
The orc priest hits you with a hand axe.
* * * LOW HITPOINT WARNING * * *
Throwing (i - inventory. (,) - cycle):
g - 43 stones (quivered)
Press: ? - help, Shift-Dir - straight line, f/p - orc priest
Aim: an orc priest, wielding a hand axe (severely wounded)
You throw a stone. The stone hits the orc priest.
The orc priest is severely wounded.
The orc priest hits you but does no damage.
Throwing (i - inventory. (,) - cycle):
g - 42 stones (quivered)
Press: ? - help, Shift-Dir - straight line, f/p - orc priest
Aim: an orc priest, wielding a hand axe (severely wounded)
You throw a stone.
The stone hits the orc priest but does no damage.
The orc priest is severely wounded.
The orc priest mumbles some strange prayers to Beogh against you.
Something smites you!
You die...

## ##.#
##...#
##.....###
....(..o.#
.....((@>#
##.....###
##...#
#..# ..[#
#.## #


You could see an orc priest.

Vanquished Creatures
  An adder (D:2)
  A worm (D:2)
  3 giant geckos
  2 giant cockroaches
  4 goblins (D:1)
  2 hobgoblins (D:1)
  3 kobolds
  A quokka (D:3)
  4 bats (D:1)
  3 giant newts
  4 rats (D:1)
28 creatures vanquished.

Notes
Turn   | Place    | Note
--------------------------------------------------------------
     0 | D:1      | abixa the Ogre Hunter began the quest for the Orb.
     0 | D:1      | Reached XP level 1. HP: 22/22 MP: 1/1
   133 | D:1      | Found a corrupted altar of Lugonu.
   133 | D:1      | Found a one-way gate to the infinite horrors of the Abyss.
   133 | D:1      | Noticed a quasit
   133 | D:1      | Noticed an iron imp
   133 | D:1      | Noticed a quasit
   133 | D:1      | Noticed an iron imp
   286 | D:1      | Reached XP level 2. HP: 20/32 MP: 2/2
   932 | D:1      | Noticed a quasit
   934 | D:1      | Noticed an iron imp
   994 | D:2      | Found a bloodstained altar of Trog.
  1029 | D:2      | Reached XP level 3. HP: 26/40 MP: 3/3
  1289 | D:2      | You fall through a shaft for 2 floors!
  1383 | D:4      | Noticed Menkaure
  1506 | D:3      | Killed from afar by an orc priest

Vault maps used:
D:1:      erik_arrival_cave_to_civilisation
D:2:      nicolae_overflow_hidden_temple, trog_three_pillars_becter
D:4:      nicolae_overflow_crystal_walls, roderic_roman_lattice, uniq_menkaure

Action                   || total
-------------------------++-------
Melee: Short sword       ||    36
       Dagger            ||   105
Throw: Large rock        ||     3
       Stone             ||    11
 Stab: Sleeping          ||     2
  Eat: Chunk             ||     2
